 Dungeon Crawl Stone Soup version 0.30-a0-43-gbbf338a72c (webtiles) character file.

Game seed: 3414077437462026530

739 LnG the Chopper (level 7, -5/60 HPs)
             Began as a Hill Orc Fighter on Aug 31, 2022.
             Killed from afar by an orc wizard (6 damage)
             ... with a puff of flame
             ... on level 5 of the Dungeon.
             The game lasted 00:20:46 (6187 turns).

LnG the Chopper (Hill Orc Fighter)                  Turns: 6187, Time: 00:20:47

Health: -5/60      AC:  8    Str: 24    XL:     7   Next: 75%
Magic:  7/7        EV: 10    Int:  8    God:
Gold:   151        SH:  5    Dex: 16    Spells: 6/6 levels left

rFire   . . .      SeeInvis .    a - +1 war axe (drain)
rCold   . . .      Faith    .    c - +0 buckler
rNeg    . . .      Spirit   .    b - +0 scale mail
rPois   .          Reflect  .    (no helmet)
rElec   .          Harm     .    (no cloak)
rCorr   +          Rampage  .    A - +0 pair of gloves {Str+3}
Will    .....                    (no boots)
Stlth   ..........               (no amulet)
HPRegen 0.20/turn                g - ring of resist corrosion
MPRegen 0.10/turn                x - +6 ring of dexterity

@: no status effects
A: no striking features
a: no special abilities


You were on level 5 of the Dungeon.
You visited 1 branch of the dungeon, and saw 5 of its levels.
You also visited: Sewer.

You collected 248 gold pieces.
You spent 97 gold pieces at shops.

Inventory:

Hand Weapons
 a - a +1 war axe of draining (weapon)
Armour
 b - a +0 scale mail (worn)
 c - a +0 buckler (worn)
 A - a +0 pair of gloves of strength (worn)
Jewellery
 g - a ring of resist corrosion (left hand)
 j - a ring of protection from fire
 k - a ring of protection from fire
 x - a +6 ring of dexterity (right hand)
 B - a ring of positive energy
Wands
 s - a wand of flame (21)
Scrolls
 e - a scroll of poison {unknown}
 h - a scroll of torment {unknown}
 m - a scroll of brand weapon
 o - a scroll of magic mapping {unknown}
 q - a scroll of vulnerability {unknown}
 r - 2 scrolls of fear
 t - a scroll of amnesia {unknown}
 u - a scroll of noise
 y - a scroll of immolation {unknown}
 z - a scroll of blinking
 C - a scroll of acquirement {unknown}
Potions
 d - a potion of might
 f - 4 potions of flight {unknown}
 i - 4 potions of brilliance
 l - a potion of degeneration {unknown}
 n - 4 potions of lignification {unknown}
 p - a potion of heal wounds {unknown}
 v - 3 potions of berserk rage {unknown}
 w - a potion of invisibility {unknown}


   Skills:
 + Level 4.8 Fighting
 + Level 7.8 Axes
 + Level 5.7 Armour
 + Level 1.2 Dodging
 + Level 0.3 Stealth
 + Level 4.2 Shields


You had 6 spell levels left.
You didn't know any spells.
Your spell library contained the following spells:

 Spells                   Type           Power      Damage    Failure   Level
 Summon Small Mammal      Summ           0%         N/A       78%         1
 Blink                    Tloc           0%         N/A       89%         2
 Scorch                   Fire           0%         2d5       89%         2
 Call Canine Familiar     Summ           0%         N/A       98%         3
 Ignite Poison            Fire/Tmut/Pois 0%         N/A       98%         3
 Mephitic Cloud           Conj/Pois/Air  0%         N/A       98%         3
 Summon Guardian Golem    Hex/Summ       0%         N/A       98%         3
 Animate Dead             Necr           0%         N/A       100%        4
 Flame Wave               Conj/Fire      0%         2d4       100%        4
 Borgnjor's Vile Clutch   Necr/Erth      0%         N/A       100%        5
 Freezing Cloud           Conj/Ice/Air   0%         6-21      100%        5
 Manifold Assault         Tloc           0%         N/A       100%        5
 Death Channel            Necr           0%         N/A       100%        6
 Summon Cactus Giant      Summ           0%         N/A       100%        6
 Storm Form               Tmut/Air       0%         N/A       100%        7


Dungeon Overview and Level Annotations

Branches:
Dungeon (5/15)              Sewer (visited)
 Temple: D:4-7

Altars:
Hepliaklqana
Qazlal
Vehumet
Yredelemnul

Shops:
D:1 *


Message History

You're too confused to move!
Something hits you but does no damage.
You bump into the rock wall.
You hear some strange, mumbled words.
A puff of flame appears from out of thin air!
The puff of flame hits you.
You feel less confused. Something hits you.
You hear some strange, mumbled words.
A puff of flame appears from out of thin air!
The puff of flame hits you!
* * * LOW HITPOINT WARNING * * *
Something hits you but does no damage. Something hits you but does no damage.
Items here: )) [[.
Something hits you but does no damage. Something hits you.
* * * LOW HITPOINT WARNING * * *
Something hits you.
* * * LOW HITPOINT WARNING * * *
Found a stone staircase leading down.
You hear some strange, mumbled words.
A puff of flame appears from out of thin air!
The puff of flame misses you.
You see here 11 gold pieces.
Something hits you.
* * * LOW HITPOINT WARNING * * *
A magic dart appears from out of thin air!
The magic dart hits you but does no damage.
You hear some strange, mumbled words.
A puff of flame appears from out of thin air!
The puff of flame hits you.
* * * LOW HITPOINT WARNING * * *
A puff of flame appears from out of thin air!
The puff of flame hits you!
* * * LOW HITPOINT WARNING * * *
An orc wizard appears from thin air!
Reactivating autopickup.
The orc wizard points at you and mumbles some strange words.
The puff of flame hits you.
You die...

#.....#.###.#.....#.###.#.....##
##...###...###...###...###...##
#.###)........#### ##### #####
## ##..########## #.....##>....
#........# #####$####
#.############. #...o.@.......#
##############.


You could see an orc wizard.

Vanquished Creatures
  A water moccasin (D:5)
  A phantom (D:5)
  2 bullfrogs (Sewer)
  A jelly (D:4)
  2 orc priests
  2 iguanas
  2 orc wizards (D:5)
  Robin (D:3)
  6 adders
  4 gnolls
  A white imp (D:5)
  An ufetubus (D:5)
  A dart slug (D:3)
  15 orcs
  2 bats
  11 endoplasms
  11 giant cockroaches
  11 goblins
  6 hobgoblins
  2 jackals (D:3)
  4 quokkas
  11 ball pythons
  13 frilled lizards
  6 kobolds
  8 rats
125 creatures vanquished.

Notes
Turn   | Place    | Note
-------+----------+-------------------------------------------
     0 | D:1      | LnG the Hill Orc Fighter began the quest for the Orb.
     0 | D:1      | Reached XP level 1. HP: 19/19 MP: 1/1
   305 | D:1      | Found a faded altar of an unknown god.
   318 | D:1      | Reached XP level 2. HP: 26/27 MP: 2/2
   457 | D:1      | Found Qyijyodd's General Store.
   673 | D:1      | Reached skill level 3 in Axes
  1240 | D:2      | Reached XP level 3. HP: 32/33 MP: 3/3
  2486 | D:3      | Reached skill level 4 in Axes
  2486 | D:3      | Reached XP level 4. HP: 36/40 MP: 4/4
  3248 | D:3      | Noticed Robin
  3287 | D:3      | Killed Robin
  3288 | D:3      | Reached XP level 5. HP: 40/46 MP: 5/5
  3462 | D:1      | Bought a scroll of enchant weapon for 97 gold pieces
  4344 | D:3      | Reached skill level 5 in Axes
  4344 | D:3      | Reached skill level 5 in Armour
  4612 | D:4      | Found a radiant altar of Vehumet.
  4612 | D:4      | Found a basalt altar of Yredelemnul.
  4618 | D:4      | Reached XP level 6. HP: 35/52 MP: 6/6
  4750 | D:4      | Found a stormy altar of Qazlal.
  4960 | D:4      | Found a hazy altar of Hepliaklqana.
  4998 | D:4      | Reached skill level 6 in Axes
  5309 | D:5      | Entered Level 5 of the Dungeon
  5309 | D:5      | Found a glowing drain.
  5323 | Sewer    | Entered a sewer
  5639 | Sewer    | Reached XP level 7. HP: 46/60 MP: 7/7
  5757 | D:5      | Reached skill level 7 in Axes
  5811 | D:5      | Reached skill level 1 in Dodging
  6183 | D:5      | HP: 1/60 [something/puff of flame (8)]
  6187 | D:5      | Killed from afar by an orc wizard

Illustrated notes

Levels and vault maps discovered:
D:1:      saegor_arrival_simple_e, layout_loops_cross, serial_shops, shop,
          shapermc_ecumenical_altar_venn, corner_web_ring,
          minmay_misc_feat_cross
D:2:      layout_loops_corners
D:3:      layout_basic, minmay_misc_feat_more_columns, minmay_circle_x,
          uniq_robin
D:4:      layout_basic, kennysheep_mini, grunt_qazlal_sundering,
          nicolae_overflow_two_pavilions
D:5:      nicolae_cairo_tiling, layout_loops_ring,
          mainiacjoe_overflow_surrounded_room, temple_hall,
          portal_sewer_entry_a, kennysheep_generic_room_2, uniq_pikel

Skill      XL: |  1  2  3  4  5  6  7 |
---------------+----------------------+-----
Axes           | 3 4 5 6 7 |  7.8
Fighting       | 4 |  4.8
Armour         | 4 5 |  5.7
Shields        | 4 |  4.2
Dodging        | 1 |  1.2
Stealth        | |  0.3

Action                   |  1- 3 |  4- 6 |  7- 9 || total
-------------------------+-------+-------+-------++-------
Melee: War axe           |    83 |   203 |    43 ||   329
  Use: Potion            |     1 |     1 |       ||     2
       Scroll            |       |     3 |     1 ||     4
Armor: Scale mail        |    39 |    95 |    26 ||   160
Dodge: Dodged            |    40 |    95 |    13 ||   148
Block: Buckler           |    19 |    45 |     6 ||    70

Table legend: (Time is in decaauts)
 A = Elapsed time spent in this place.
 B = Non-inter-level travel time spent in this place.
 C = Inter-level travel time spent in this place.
 D = Time resting spent in this place.
 E = Time spent auto-exploring this place.
 F = Levels seen in this place.
 G = Mean time per level.
                   A        B        C        D        E       F      G
               +--------+--------+--------+--------+--------+-----+--------+
         Total |   6368 |   6368 |      0 |   1767 |   1858 |   6 | 1061.3 |
       Dungeon |   5882 |   5882 |      0 |   1713 |   1858 |   5 | 1176.4 |
         Sewer |    486 |    486 |      0 |     54 |      0 |   1 |  486.0 |
               +--------+--------+--------+--------+--------+-----+--------+

Top non-repeatable levels by time:
     D:2: 2037 daAuts
     D:3: 1408 daAuts
     D:1: 1118 daAuts
     D:4: 820 daAuts
     D:5: 497 daAuts
   Sewer: 486 daAuts
